 Dungeon Crawl Stone Soup version 0.21-a0-258-g4c0eb85 (webtiles) character file.

463 tidbits the Insei (level 6, 15/50 HPs)
             Began as a Demigod Transmuter on Sept 6, 2017.
             Quit the game on level 7 of the Dungeon.
             The game lasted 00:11:38 (1526 turns).

tidbits the Insei (Demigod Transmuter)              Turns: 1526, Time: 00:11:38

Health: 15/50      AC:  2    Str: 13    XL:     6   Next: 50%
Magic:  5/11       EV: 13    Int: 21    God:
Gold:   161        SH:  0    Dex: 18    Spells: 3/9 levels left

rFire    . . .     SeeInvis +     - Unarmed
rCold    + . .     Gourm    .   (no shield)
rNeg     + . .     Faith    .   b - +0 robe
rPois    +         Spirit   .   (helmet restricted)
rElec    .         Reflect  .   (no cloak)
rCorr    .         Harm     +   (no gloves)
MR       .....                  (no boots)
Stlth    ++........             v - amulet of harm
HPRegen  0.16/turn              y - ring of positive energy
MPRegen  0.12/turn              g - ring of protection from cold

@: no status effects
A: horns 1, see invisible, agile 1, high mp 1, poison resistance
a: no special abilities


You were on level 7 of the Dungeon.
You were hungry.

You visited 1 branch of the dungeon, and saw 7 of its levels.

You collected 161 gold pieces.

Inventory:

Hand Weapons
 f - a cursed -3 short sword
 A - a cursed -2 short sword
Missiles
 a - 55 arrows
 l - 12 javelins (quivered)
 B - 3 tomahawks
Armour
 b - a +0 robe (worn)
 q - a +0 ring mail of fire resistance
   (You found it on level 2 of the Dungeon)
Jewellery
 g - a ring of protection from cold (right hand)
   (You found it on level 2 of the Dungeon)
 j - an uncursed ring of resist corrosion
   (You found it on level 1 of the Dungeon)
 v - an amulet of harm (around neck)
   (You found it on level 4 of the Dungeon)
 w - an uncursed ring of protection from fire
   (You found it on level 4 of the Dungeon)
 y - a ring of positive energy (left hand)
   (You found it on level 5 of the Dungeon)
Scrolls
 m - 3 scrolls of amnesia
 n - a scroll of enchant weapon {unknown}
 o - a scroll of blinking {unknown}
 r - 5 scrolls of remove curse
 z - 2 scrolls of teleportation {unknown}
Potions
 e - a potion of mutation {!q}
 h - a potion of might
 k - a potion of magic
 t - a potion of haste
 x - a potion of resistance {unknown}
Books
 c - a book of Changes

   Spells                             Type                      Level
   a - Beastly Appendage              Transmutation                1
   b - Sticks to Snakes               Transmutation                2
   c - Spider Form                    Transmutation/Poison         3
   d - Ice Form                       Ice/Transmutation            4
   e - Blade Hands                    Transmutation                5
Comestibles
 d - 3 bread rations
 i - 2 royal jellies
 p - 4 fruits
 s - 3 meat rations
 u - 6 chunks of flesh


   Skills:
 + Level 2.4 Fighting
 + Level 2.9 Dodging
 * Level 5.5 Unarmed Combat
 - Level 2.0 Spellcasting
 - Level 3.0 Transmutations


You had 3 spell levels left.
You knew the following spells:

 Your Spells              Type           Power        Failure   Level  Hunger
e - Beastly Appendage     Tmut           ##....       4%          1    #......
k - Sticks to Snakes      Tmut           ##......     6%          2    ##.....
p - Spider Form           Tmut/Pois      #.........   24%         3    ###....


Dungeon Overview and Level Annotations

Branches:
Dungeon (7/15)
 Temple: D:4-7

Shops:
D:5 [


Innate Abilities, Weirdness & Mutations

You have an increased reservoir of magic. (+10% MP)
You have a pair of small horns on your head.
You have supernaturally acute eyesight. (SInv)
You are agile. (Dex +2)
Your system is resistant to poisons. (rPois)


Message History

Things that are here:
a war axe; an adder corpse You hit the orc.
The orc is poisoned.
The orc is heavily wounded.
You feel sick.
You kill the orc!
You see here 2 tomahawks.
B - 2 tomahawks You feel sick.
Things that are here:
a war axe; an adder corpse Your transformation is almost over.
You feel sick.
B - 3 tomahawks (gained 1)
The orc shouts!
There is an open door here.
You feel sick.
You see here 17 gold pieces.
An orc comes into view. It is wielding a club.
There is an open door here.
The orc shouts!
Casting: Spider Form
Confirm with . or Enter, or press ? or * to list all spells.
You create a snake!
You now have 55 arrows.
The orc shouts!
The orc warrior shouts!
You feel sick.
You barely miss the orc. The orc completely misses you.
You hit the orc.
The orc is poisoned.
The orc is severely wounded.
Your ball python bites the orc.
Your ball python grabs the orc.
Your ball python constricts the orc.
The orc dies!
You hit the quokka but do no damage.
Your transformation has ended.
Your +0 robe unmelds from your body.
You feel sick.
Your ball python bites the quokka but does no damage.
Your ball python grabs the quokka.
Your ball python constricts the quokka.
The quokka closely misses you.
Casting: Sticks to Snakes
Confirm with . or Enter, or press ? or * to list all spells.
You turn into a venomous arachnid creature.
Your +0 robe melds into your body.
Your ball python bites the quokka but does no damage.
Your ball python constricts the quokka.
The quokka barely misses you.
You bite the quokka!
You kill the quokka!
You are feeling hungry.
Your magical contamination has completely faded away.
You bite the orc!
You kill the orc!
An orc comes into view. It is wielding a hand axe.
Casting: Spider Form
Confirm with . or Enter, or press ? or * to list all spells.
You don't have enough magic to cast that spell.
You feel sick.
The orc moves out of view.
Your transformation is almost over.
You feel sick.
You are no longer poisoned.
What are your orders? t - Hiss!
Orders for allies: a - Attack new target. r - Retreat! s - Stop attacking. g - Guard the area. f - Follow me.
Anything else - Cancel.
Gang up on whom?
Press: ? - help, Dir - move target cursor, f - orc warrior
Aim: an orc warrior, wielding a long sword and wearing a chain mail Attack!
Your ball python bites the orc warrior but does no damage.
Your ball python barely misses the orc warrior.
The orc warrior barely misses your ball python.
Your ball python closely misses the orc warrior.
Your ball python barely misses the orc warrior.
The orc warrior completely misses your ball python.
Your ball python barely misses the orc warrior.
Your ball python completely misses the orc warrior.
Your ball python bites the orc warrior but does no damage.
Your ball python grabs the orc warrior.
Your ball python constricts the orc warrior.
The orc warrior struggles to escape constriction.
Your ball python bites the orc warrior but does no damage.
Your ball python constricts the orc warrior.
The orc warrior hits your ball python with a long sword!
Your ball python dies!
Your transformation has ended.
Your +0 robe unmelds from your body.
You hear the slow rusting of a distant drain.
There is an open door here.
You see here a leopard gecko corpse.
There is an open door here.
There is a stone staircase leading down here.
You climb downwards.
You hear the roar of battle.
There is an entrance to a bailey on this level.
Hurry and find it before the portal closes forever!
You hear the hiss of flowing sand.
There is an entrance to an ossuary on this level.
Hurry and find it before the portal is buried! 2 orcs and an orc priest come into view.
The orc priest shouts!
There is a stone staircase leading up here.
Are you sure you want to abandon this character and quit the game? (Confirm with "yes".)

###
#@#
#.#
..#
o...
..###
.o.
.o#.
P§§§


You could see an orc priest and 2 orcs.

Vanquished Creatures
  An ice beast (D:5)
  A phantom (D:5)
  A bullfrog (D:6)
  2 orc priests
  2 worker ants
  A howler monkey zombie (D:5)
  6 adders
  A worm (D:4)
  2 leopard geckos
  5 orcs
  3 giant cockroaches
  A hobgoblin (D:2)
  5 jackals (D:3)
  A quokka (D:6)
  5 frilled lizards
  9 goblins
  A kobold (D:1)
  A leopard gecko zombie (D:5)
  9 rats
57 creatures vanquished.

Vanquished Creatures (collateral kills)
  2 orcs
2 creatures vanquished.

Grand Total: 59 creatures vanquished

Notes
Turn   | Place    | Note
-------+----------+-------------------------------------------
     0 | D:1      | tidbits the Demigod Transmuter began the quest for the Orb.
     0 | D:1      | Reached XP level 1. HP: 15/15 MP: 5/5
   104 | D:1      | Reached skill level 2 in Spellcasting
   133 | D:1      | Reached skill level 2 in Transmutations
   260 | D:1      | Reached XP level 2. HP: 20/22 MP: 5/7
   387 | D:2      | Learned a level 2 spell: Sticks to Snakes
   392 | D:2      | Reached skill level 3 in Transmutations
   490 | D:2      | Reached XP level 3. HP: 26/27 MP: 6/8
   499 | D:2      | Learned a level 3 spell: Spider Form
   554 | D:2      | Reached skill level 3 in Unarmed Combat
   616 | D:2      | Found a hazy altar of Hepliaklqana.
   916 | D:3      | Reached XP level 4. HP: 21/34 MP: 4/9
  1007 | D:4      | Gained mutation: You have a pair of small horns on your head. [potion of mutation]
  1007 | D:4      | Gained mutation: You have supernaturally acute eyesight. (SInv) [potion of mutation]
  1007 | D:4      | Gained mutation: You are agile. (Dex +2) [potion of mutation]
  1007 | D:4      | Gained mutation: Your system is resistant to poisons. (rPois) [potion of mutation]
  1045 | D:4      | Reached skill level 4 in Unarmed Combat
  1110 | D:5      | Entered Level 5 of the Dungeon
  1110 | D:5      | Noticed a phantom
  1156 | D:5      | Killed a phantom
  1156 | D:5      | Reached skill level 1 in Fighting
  1156 | D:5      | Reached skill level 2 in Dodging
  1156 | D:5      | Reached XP level 5. HP: 24/40 MP: 6/10
  1197 | D:5      | Found an ancient bone altar of Kikubaaqudgha.
  1270 | D:5      | Found Itueraibb's Antique Armour Boutique.
  1333 | D:5      | Noticed an ice beast
  1339 | D:5      | Killed an ice beast
  1339 | D:5      | Reached skill level 2 in Fighting
  1339 | D:5      | Reached skill level 5 in Unarmed Combat
  1339 | D:5      | Reached XP level 6. HP: 47/48 MP: 7/11
  1361 | D:6      | Found a shimmering altar of Xom.
  1526 | D:7      | Quit the game

Vault maps used:
D:1:      minmay_arrival_cross, serial_glass, glass_columns_b, glass_columns_c,
          glass_columns_b, glass_columns_b, glass_columns_b, glass_columns_a,
          glass_columns_b, glass_columns_a, minmay_split_cup_large
D:2:      lemuel_round_altar, uniq_natasha
D:3:      first_bread
D:4:      grunt_gozag_breadcrumbs, kennysheep_small_circle
D:5:      kiku_gazebo_garden_becter, lemuel_coloured_pillars_altar,
          serial_shops, nicolae_shop_waterfront, uniq_blork_the_orc
D:6:      minitemple, lemuel_round_altar, portal_sewer_entry_d, fedhas_altar_3
D:7:      minmay_temple_entry_poolview, enter_ossuary_4, enter_bailey_2,
          serial_undead, serial_undead_e, serial_undead_e, serial_undead_a,
          serial_undead_c

Skill      XL: |  1  2  3  4  5 |
---------------+----------------+-----
Spellcasting   | 2 |  2.0
Transmutations | 2 3 |  3.0
Unarmed Combat | 3 4 5 |  5.5
Fighting       | 1 2 |  2.4
Dodging        | 2 |  2.9

Action                   |  1- 3 |  4- 6 || total
-------------------------+-------+-------++-------
Melee: Unarmed           |    79 |    67 ||   146
       Headbutt          |     7 |       ||     7
       Kick              |     9 |       ||     9
       Punch             |     1 |       ||     1
Throw: Javelin           |    12 |     4 ||    16
 Cast: Beastly Appendage |    21 |     1 ||    22
       Spider Form       |     3 |    12 ||    15
       Sticks to Snakes  |     1 |     2 ||     3
  Use: Scroll            |       |     6 ||     6
       Potion            |       |     1 ||     1
  Eat: Chunk             |     1 |     3 ||     4
Armor: Robe              |     9 |     1 ||    10
       Skin              |     1 |     3 ||     4
Dodge: Dodged            |    32 |    43 ||    75

Table legend:
 A = Spawn XP
 B = Non-spawn XP
 C = Spawn XP percentage of total XP
 D = Spawn monster count
 E = Non-spawn monster count
 F = Spawn count percentage of total count
 G = Total turns spent on level
                    A         B        C        D         E        F      G
               +---------+---------+-------+---------+---------+-------+---------
         Total |       0 |     662 |   0.0 |       0 |      59 |   0.0 |  1526
               +---------+---------+-------+---------+---------+-------+---------
           D:1 |       0 |      23 |   0.0 |       0 |      15 |   0.0 |   370
           D:2 |       0 |      50 |   0.0 |       0 |      10 |   0.0 |   300
           D:3 |       0 |      69 |   0.0 |       0 |      15 |   0.0 |   322
           D:4 |       0 |      43 |   0.0 |       0 |       3 |   0.0 |   118
           D:5 |       0 |     297 |   0.0 |       0 |       6 |   0.0 |   238
           D:6 |       0 |     180 |   0.0 |       0 |      10 |   0.0 |   177
               +---------+---------+-------+---------+---------+-------+---------

Table legend:
 A = Turns spent in this place as a percentage of turns spent in the entire game.
 B = Non-inter-level travel turns spent in this place as a percentage of non-inter-level travel turns spent in the entire game.
 C = Inter-level travel turns spent in this place as a percentage of turns spent in this place.
 D = Turns resting spent in this place as a percentage of non-inter-level travel turns spent in this place.
 E = Turns spent auto-exploring this place as a percentage of non-inter-level travel turns spent in this place.
 F = Non-inter-level travel turns spent in this place divided by the number of levels of this place that you've seen.
                   A       B       C       D       E      F
               +-------+-------+-------+-------+-------+----------------------
         Total | 100.0 | 100.0 |   0.5 |   0.0 |   0.0 | 216.9
       Dungeon | 100.0 | 100.0 |   0.5 |   0.0 |   0.0 | 216.9
               +-------+-------+-------+-------+-------+----------------------

Table legend:
 A = Kills in this place as a percentage of kills in entire the game.
 B = Kills by you in this place as a percentage of kills by you in the entire game.
 C = Kills by friends in this place as a percentage of kills by friends in the entire game.
 D = Other kills in this place as a percentage of other kills in the entire game.
 E = Experience gained in this place as a percentage of experience gained in the entire game.
 F = Experience gained in this place divided by the number of levels of this place that you have seen.
                   A       B       C       D       E      F
               +-------+-------+-------+-------+-------+----------------------
         Total | 100.0 | 100.0 | 100.0 |   N/A | 100.0 |  94.6
       Dungeon | 100.0 | 100.0 | 100.0 |   N/A | 100.0 |  94.6
               +-------+-------+-------+-------+-------+----------------------

Vault maps used:
D:1:      minmay_arrival_cross, serial_glass, glass_columns_b, glass_columns_c,
          glass_columns_b, glass_columns_b, glass_columns_b, glass_columns_a,
          glass_columns_b, glass_columns_a, minmay_split_cup_large
D:2:      lemuel_round_altar, uniq_natasha
D:3:      first_bread
D:4:      grunt_gozag_breadcrumbs, kennysheep_small_circle
D:5:      kiku_gazebo_garden_becter, lemuel_coloured_pillars_altar,
          serial_shops, nicolae_shop_waterfront, uniq_blork_the_orc
D:6:      minitemple, lemuel_round_altar, portal_sewer_entry_d, fedhas_altar_3
D:7:      minmay_temple_entry_poolview, enter_ossuary_4, enter_bailey_2,
          serial_undead, serial_undead_e, serial_undead_e, serial_undead_a,
          serial_undead_c
